 Dungeon Crawl Stone Soup version 0.21-a0-525-ga34b322 (webtiles) character file.

301 Amnesiac the Shooter (level 6, -7/47 HPs)
             Began as a Mummy Hunter on Dec 7, 2017.
             Mangled by an ogre
             ... wielding a +0 giant spiked club
              (28 damage)
             ... on level 4 of the Dungeon.
             The game lasted 00:06:39 (3626 turns).

Amnesiac the Shooter (Mummy Hunter)                 Turns: 3626, Time: 00:06:40

Health: -7/47      AC:  9    Str: 18    XL:     6   Next: 14%
Magic:  6/6        EV: 11    Int: 10    God:
Gold:   218        SH:  0    Dex: 12    Spells: 5/5 levels left

rFire    . . .     SeeInvis .   a - +1 shortbow
rCold    + . .     Gourm    .   (shield currently unavailable)
rNeg     + + +     Faith    .   l - +2 ring mail {rF+}
rPois    ∞         Spirit   .   (no helmet)
rElec    .         Reflect  .   (no cloak)
rCorr    .         Harm     .   w - +0 pair of gloves
MR       .....                  q - +0 pair of boots
Stlth    ++........             (no amulet)
HPRegen  0.15/turn              z - ring of stealth
MPRegen  0.10/turn              (no ring)

@: no status effects
A: no food or potions, fire vulnerability, cold resistance 1, negative energy
resistance 3, torment resistance, unbreathing
a: no special abilities


You were on level 4 of the Dungeon.
You were not hungry.

You visited 1 branch of the dungeon, and saw 4 of its levels.

You collected 218 gold pieces.

Inventory:

Hand Weapons
 a - a +1 shortbow (weapon)
 b - a +0 hunting sling
 r - a +0 short sword
 t - a +2 hand axe of freezing
Missiles
 d - 37 arrows (quivered)
 g - 35 sling bullets
 h - 175 stones
 j - 11 poisoned needles
 m - 3 throwing nets
 n - 7 javelins
 u - 6 needles of confusion
Armour
 l - a +2 ring mail of fire resistance (worn)
 q - a +0 pair of boots (worn)
 w - a +0 pair of gloves (worn)
Jewellery
 z - a ring of stealth (left hand)
Wands
 x - a wand of enslavement (9)
 y - a wand of polymorph (7)
Scrolls
 c - 3 scrolls of remove curse {!r, unknown}
 e - 5 scrolls of teleportation {!r}
 f - 2 scrolls of fog {!r, unknown}
 i - 4 scrolls of identify {!r}
 k - 3 scrolls of enchant armour {!r, unknown}
 o - a scroll of amnesia {!r, unknown}
 p - a scroll of magic mapping {!r, unknown}
 s - a scroll of enchant weapon {!r}
 v - a scroll of fear {!r}


   Skills:
 + Level 3.2 Fighting
 * Level 4.4 Bows
 + Level 2.6 Armour
 + Level 2.6 Dodging
 - Level 0.7 Stealth


You had 5 spell levels left.
You didn't know any spells.

Dungeon Overview and Level Annotations

Branches:
Dungeon (4/15)
 Temple: D:4-7

Altars:
Sif Muna

Annotations:
D:4 Natasha


Innate Abilities, Weirdness & Mutations

You do not eat or drink.
Your flesh is vulnerable to fire.
You are immune to poison.
Your flesh is cold resistant. (rC+)
You are immune to negative energy. (rN+++)
You are immune to unholy pain and torment.
You can survive without breathing.


Message History

Firing (i - inventory. (,) - cycle):
d - 43 arrows (quivered)
Press: ? - help, Shift-Dir - straight line, f/p - leopard gecko
Aim: a leopard gecko (clinging)
You shoot an arrow.
The arrow hits the leopard gecko but does no damage.
Something completely misses you.
Firing (i - inventory. (,) - cycle):
d - 42 arrows (quivered)
Press: ? - help, Shift-Dir - straight line, f/p - leopard gecko
Aim: a leopard gecko (clinging)
You shoot an arrow. The arrow misses the leopard gecko.
An orc wizard appears from thin air!
Reactivating autopickup.
The orc wizard barely misses you.
Firing (i - inventory. (,) - cycle):
d - 41 arrows (quivered)
Press: ? - help, Shift-Dir - straight line, f/p - leopard gecko
Aim: a leopard gecko (clinging)
You shoot an arrow. The arrow hits the orc wizard!
The orc wizard is almost dead.
The orc wizard casts a spell at you. The magic dart hits you!
* * * LOW HITPOINT WARNING * * *
Firing (i - inventory. (,) - cycle):
d - 40 arrows (quivered)
Press: ? - help, Shift-Dir - straight line, f/p - orc wizard
Aim: an orc wizard, wielding a dagger and wearing a robe (almost dead)
You shoot an arrow. The arrow hits the orc wizard.
You kill the orc wizard!
Firing (i - inventory. (,) - cycle):
d - 39 arrows (quivered)
Press: ? - help, Shift-Dir - straight line, f - leopard gecko
Aim: a leopard gecko (clinging)
You shoot an arrow. The arrow hits the leopard gecko.
You kill the leopard gecko!
No target in view!
No target in view!
d - 40 arrows (gained 2)
You see here 3 arrows.
Items here: ( ) [ † a dagger; a robe; 6 arrows; an orc corpse The ogre shouts!
Found a stone staircase leading down.
You hear the slow rusting of a very distant drain.
You hear the hiss of a very distant avalanche of sand.
You see here an arrow.
You see here 2 arrows.
Found a scroll of teleportation.
You see here an arrow.
Firing (i - inventory. (,) - cycle):
d - 40 arrows (quivered)
Press: ? - help, Shift-Dir - straight line, f - ogre
Aim: an ogre, wielding a giant spiked club You shoot an arrow.
The arrow hits the ogre.
The ogre is moderately wounded.
Firing (i - inventory. (,) - cycle):
d - 39 arrows (quivered)
Press: ? - help, Shift-Dir - straight line, f/p - ogre
Aim: an ogre, wielding a giant spiked club (moderately wounded)
You shoot an arrow.
The arrow hits the ogre but does no damage.
The ogre is moderately wounded.
Firing (i - inventory. (,) - cycle):
d - 38 arrows (quivered)
Press: ? - help, Shift-Dir - straight line, f/p - ogre
Aim: an ogre, wielding a giant spiked club (moderately wounded)
You shoot an arrow. The arrow hits the ogre!
The ogre is heavily wounded.
The ogre hits you with a giant spiked club!!
Ouch! That really hurt!
You die...

.?. #.#
#.# #.#
#.#
#.## .$
#..
#.##.#
#.(#@#
#.#O#
#..(###
#.((..#
#)..###
# #)..#
# #)#.#
##
#(#.#
.#
#.#.#


You could see an ogre.

Vanquished Creatures
  Jessica (D:2)
  2 orc wizards (D:4)
  A worker ant (D:4)
  3 gnolls
  9 adders
  2 oozes
  A worm (D:2)
  9 dart slugs (D:3)
  3 leopard geckos
  2 orcs (D:4)
  5 goblins (D:2)
  8 hobgoblins
  2 jackals (D:2)
  4 kobolds
  2 quokkas (D:2)
  4 bats
  6 frilled lizards
  7 rats
71 creatures vanquished.

Notes
Turn   | Place    | Note
-------+----------+-------------------------------------------
     0 | D:1      | Amnesiac the Mummy Hunter began the quest for the Orb.
     0 | D:1      | Reached XP level 1. HP: 16/16 MP: 1/1
   222 | D:1      | Reached skill level 1 in Armour
   667 | D:2      | Reached XP level 2. HP: 15/22 MP: 2/2
   715 | D:2      | Reached XP level 3. HP: 15/27 MP: 3/3
  1499 | D:2      | Reached XP level 4. HP: 22/34 MP: 4/4
  1841 | D:2      | Noticed Jessica
  1854 | D:2      | Killed Jessica
  2187 | D:2      | Reached skill level 4 in Bows
  2187 | D:2      | Reached XP level 5. HP: 34/39 MP: 5/5
  2538 | D:2      | Found a deep blue altar of Sif Muna.
  3543 | D:4      | Noticed Natasha
  3562 | D:4      | Noticed an ogre
  3579 | D:4      | Reached XP level 6. HP: 26/47 MP: 6/6
  3626 | D:4      | Mangled by an ogre

Vault maps used:
D:1:      scummos_arrival_hexagon, minmay_tree_intersection
D:2:      lemuel_blue_sif_altar, uniq_jessica
D:3:      kennysheep_slugbush, minmay_misc_feat_rugged
D:4:      gammafunk_temple_overflow_wave, portal_sewer_entry_e,
          nicolae_ossuary_entry_false_entrances, uniq_natasha

Skill      XL: |  1  2  3  4  5 |
---------------+----------------+-----
Armour         | 1 2 |  2.6
Dodging        | 2 |  2.6
Bows           | 4 |  4.4
Fighting       | 3 |  3.2
Stealth        | |  0.7

Action                   |  1- 3 |  4- 6 || total
-------------------------+-------+-------++-------
Melee: Short sword       |    54 |   122 ||   176
 Fire: Shortbow          |    48 |    46 ||    94
       Hunting sling     |       |   114 ||   114
Throw: Javelin           |       |     5 ||     5
       Stone             |       |     2 ||     2
  Use: Scroll            |       |     3 ||     3
Armor: Leather armour    |     7 |       ||     7
       Ring mail         |    21 |   111 ||   132
Dodge: Dodged            |    52 |   134 ||   186

Table legend:
 A = Spawn XP
 B = Non-spawn XP
 C = Spawn XP percentage of total XP
 D = Spawn monster count
 E = Non-spawn monster count
 F = Spawn count percentage of total count
 G = Total turns spent on level
                    A         B        C        D         E        F      G
               +---------+---------+-------+---------+---------+-------+---------
         Total |       0 |     431 |   0.0 |       0 |      71 |   0.0 |  3626
               +---------+---------+-------+---------+---------+-------+---------
           D:1 |       0 |      45 |   0.0 |       0 |       9 |   0.0 |  1248
           D:2 |       0 |     169 |   0.0 |       0 |      32 |   0.0 |  1333
           D:3 |       0 |     101 |   0.0 |       0 |      23 |   0.0 |   892
           D:4 |       0 |     116 |   0.0 |       0 |       7 |   0.0 |   153
               +---------+---------+-------+---------+---------+-------+---------
